 Dungeon Crawl Stone Soup version 0.30-a0-777-ga9a30cbeda (webtiles) character file.

Game seed: 11838988006164945585

5792 joinst the Severer (level 10, 0/77 HPs)
             Began as a Minotaur Berserker on Feb 13, 2023.
             Was an Elder of Trog.
             Slain by a six-headed hydra (6 damage)
             ... on level 9 of the Dungeon.
             The game lasted 00:36:45 (6637 turns).

joinst the Severer (Minotaur Berserker)             Turns: 6637, Time: 00:36:46

Health: 0/77       AC: 28    Str: 26    XL:     10   Next: 50%
Magic:  0/9        EV:  9    Int:  4    God:    Trog [****..]
Gold:   532        SH:  0    Dex: 10    Spells: 9/9 levels left

rFire   + . .      SeeInvis .    t - +3 battleaxe
rCold   . . .      Faith    .    (shield currently unavailable)
rNeg    . . .      Spirit   +    h - +10 chain mail of Peesheg {rF+}
rPois   +          Reflect  .    (helmet restricted)
rElec   .          Harm     .    r - +2 cloak {rCorr}
rCorr   +          Rampage  .    s - +1 pair of gloves
Will    .....                    (no boots) Stlth
                                 o - amulet of guardian spirit
HPRegen 0.32/turn                e - ring of poison resistance
MPRegen 0.11/turn                u - +4 ring of protection

@: confused
A: horns 2, retaliatory headbutt
a: Renounce Religion, Berserk, Trog's Hand, Brothers in Arms


You were on level 9 of the Dungeon.
You worshipped Trog.
Trog was greatly pleased with you.
You visited 1 branch of the dungeon, and saw 9 of its levels.

You collected 532 gold pieces.

Inventory:

Hand Weapons
 a - a +1 hand axe of electrocution
 t - a +3 battleaxe (weapon)
Missiles
 d - a throwing net (quivered)
Armour
 h - the +10 chain mail of Peesheg (worn) {rF+}
   (You found it on level 2 of the Dungeon)

   rF:        It protects you from fire.
 r - a +2 cloak of preservation (worn)
 s - a +1 pair of gloves (worn)
Jewellery
 e - a ring of poison resistance (left hand)
 o - an amulet of guardian spirit (around neck)
 u - a +4 ring of protection (right hand)
Scrolls
 b - 2 scrolls of teleportation
 f - 3 scrolls of identify
 m - a scroll of enchant armour
Potions
 g - 3 potions of might
 i - 2 potions of curing
 j - 2 potions of lignification
 l - 2 potions of resistance
 n - 2 potions of mutation
 p - 3 potions of heal wounds
 q - a potion of brilliance


   Skills:
 - Level 3.6 Fighting
 + Level 18.5 Axes
 - Level 2.4 Armour
 - Level 2.1 Dodging


You had 9 spell levels left.
You didn't know any spells.
Your spell library was empty.

Dungeon Overview and Level Annotations

Branches:
Dungeon (9/15)             Temple (0/1) D:4
   Lair: D:8-11         Orc: D:9-12

Altars:
Dithmenos
Elyvilon
Fedhas
Nemelex Xobeh
Uskayaw
Wu Jian
Xom

Shops:
D:3 *

Portals:
Ossuary: D:7

Annotations:
D:5 2 transporters


Innate Abilities, Weirdness & Mutations

You have a pair of horns on your head.
You reflexively headbutt those who attack you in melee.


Message History

The five-headed hydra bites you but does no damage.
The five-headed hydra bites you.
The five-headed hydra closely misses you.
The golden eye blinks at you.
You are more confused.
The jumping spider leaps!
The five-headed hydra barely misses you.
The five-headed hydra bites you but does no damage.
The five-headed hydra barely misses you.
The five-headed hydra bites you!
The five-headed hydra bites you but does no damage.
You're too confused to move!
The golden eye blinks at you.
You are more confused.
The five-headed hydra bites you but does no damage.
The five-headed hydra bites you! The five-headed hydra bites you.
The five-headed hydra completely misses you.
The five-headed hydra bites you but does no damage.
You barely miss the jumping spider.
Your headbutt misses the jumping spider.
You slice one of the five-headed hydra's heads off!
The four-headed hydra grows two more!
You slash the six-headed hydra!
The jumping spider pounces on you but does no damage.
The jumping spider bites you. The golden eye blinks at you.
You are more confused.
The six-headed hydra closely misses you.
The six-headed hydra bites you but does no damage.
The six-headed hydra bites you. The six-headed hydra bites you!
* * * LOW HITPOINT WARNING * * *
The six-headed hydra bites you.
* * * LOW HITPOINT WARNING * * *
The six-headed hydra bites you.
* * * LOW HITPOINT WARNING * * *
The jumping spider closely misses you. The jumping spider bites you.
* * * LOW HITPOINT WARNING * * *
The golden eye blinks at you.
You are more confused.
The six-headed hydra bites you.
You die...

######################
........†.†..........#
#########'##########.##
#/.cGD@......# #..#
#..pJ#.s.....# ##.#
#:...R.#.......# #..
#.*...=##.°⌠..## ###
...Q.## #.....# ....[
##...## ...# #...# ..!
#####


You could see a six-headed hydra, a rakshasa, a slime creature, a centaur
warrior, a wizard, a jumping spider, a tengu conjurer, a battlesphere
(distracted) and a golden eye.

Vanquished Creatures
  A two-headed ogre (D:9)
  Pikel (D:6)
  The ghost of NigelTetley the Cutter, a novice VSFi of Okawaru (D:5)
  Grinder (D:4)
  4 yaks (D:9)
  A shadow (D:9)
  Eustachio (D:4)
  A steam dragon (D:9)
  A black bear (D:7)
  3 orc warriors
  An ogre (D:5)
  3 lemures (D:6)
  7 centaurs
  A phantom (D:5)
  3 kobold brigands
  2 necrophages
  2 bullfrogs
  2 scorpions
  5 wights
  7 killer bees (D:9)
  3 howler monkeys (D:8)
  A jelly (D:6)
  3 orc priests
  6 hounds
  Crazy Yiuf (D:4)
  Natasha (twice) (D:2)
  Terence (D:2)
  4 iguanas
  8 orc wizards
  8 gnolls
  4 adders
  2 white imps
  An ufetubus (D:5)
  26 orcs
  6 ball pythons
  4 bats
  6 endoplasms
  4 giant cockroaches
  9 goblins
  7 hobgoblins
  2 jackals (D:3)
  A quokka (D:5)
  A frilled lizard (D:3)
  28 kobolds
  3 rats (D:3)
189 creatures vanquished.

Vanquished Creatures (others)
  10 plants
10 creatures vanquished.

Grand Total: 199 creatures vanquished

Notes
Turn   | Place    | Note
-------+----------+-------------------------------------------
     0 | D:1      | joinst the Minotaur Berserker began the quest for the Orb.
     0 | D:1      | Reached XP level 1. HP: 19/19 MP: 0/0
   131 | D:1      | Reached skill level 4 in Axes
   298 | D:1      | Reached XP level 2. HP: 26/26 MP: 1/1
   636 | D:2      | Noticed Terence
   646 | D:2      | Killed Terence
   647 | D:2      | Reached skill level 5 in Axes
   647 | D:2      | Reached XP level 3. HP: 13/31 MP: 2/2
   816 | D:2      | Identified the +10 chain mail of Peesheg {rF+}
   898 | D:2      | Noticed Natasha
   906 | D:2      | Killed Natasha
  1010 | D:2      | Reached skill level 6 in Axes
  1010 | D:2      | Reached XP level 4. HP: 39/39 MP: 3/3
  1221 | D:2      | Noticed Natasha
  1227 | D:2      | Killed Natasha
  1321 | D:3      | Found a hide-covered altar of Uskayaw.
  1427 | D:3      | Found a faded altar of an unknown god.
  1590 | D:3      | Reached skill level 7 in Axes
  1590 | D:3      | Reached XP level 5. HP: 26/45 MP: 4/4
  1591 | D:3      | Reached ** piety under Trog
  1715 | D:3      | Found Tionniat's Assorted Antiques.
  1746 | D:3      | Found a blossoming altar of Fedhas.
  1881 | D:3      | Found a glowing drain.
  2232 | D:4      | Found a shadowy altar of Dithmenos.
  2312 | D:4      | Found a staircase to the Ecumenical Temple.
  2325 | D:4      | Noticed Eustachio
  2347 | D:4      | Killed Eustachio
  2348 | D:4      | Reached skill level 8 in Axes
  2348 | D:4      | Reached XP level 6. HP: 48/51 MP: 5/5
  2421 | D:4      | Found a sparkling altar of Nemelex Xobeh.
  2473 | D:4      | Reached skill level 9 in Axes
  2829 | D:4      | Noticed Grinder
  2848 | D:4      | Paralysed by Grinder for 4 turns
  2856 | D:4      | Killed Grinder
  2857 | D:4      | Reached skill level 10 in Axes
  2857 | D:4      | Reached XP level 7. HP: 36/57 MP: 4/6
  2977 | D:4      | Found a runed translucent door.
  2978 | D:4      | Noticed Crazy Yiuf
  2988 | D:4      | Killed Crazy Yiuf
  3272 | D:5      | Entered Level 5 of the Dungeon
  3415 | D:5      | Reached skill level 11 in Axes
  3518 | D:5      | Reached XP level 8. HP: 64/64 MP: 7/7
  3531 | D:5      | Found a runed translucent door.
  3549 | D:5      | Noticed NigelTetley's ghost (novice VSFi)
  3565 | D:5      | Killed NigelTetley's ghost
  3566 | D:5      | Reached skill level 12 in Axes
  3624 | D:5      | Found a transporter.
  3631 | D:5      | Found a transporter.
  3631 | D:5      | Noticed a two-headed ogre
  3632 | D:5      | Noticed a two-headed ogre
  3634 | D:5      | Noticed a two-headed ogre
  3641 | D:5      | Found a shimmering altar of Xom.
  3642 | D:5      | Found an ornate altar of the Wu Jian Council.
  3750 | D:5      | Found a white marble altar of Elyvilon.
  3855 | D:5      | Reached skill level 13 in Axes
  4434 | D:6      | Reached skill level 14 in Axes
  4440 | D:6      | Reached *** piety under Trog
  4453 | D:6      | Reached XP level 9. HP: 58/70 MP: 6/8
  4750 | D:7      | Noticed Pikel
  4773 | D:6      | Killed Pikel
  4774 | D:6      | Reached skill level 15 in Axes
  4865 | D:7      | Found a sand-covered staircase.
  5469 | D:8      | Reached skill level 16 in Axes
  5930 | D:8      | Reached **** piety under Trog
  6202 | D:9      | Noticed a two-headed ogre
  6218 | D:9      | Reached skill level 17 in Axes
  6218 | D:9      | Reached XP level 10. HP: 76/77 MP: 7/9
  6222 | D:9      | Killed a two-headed ogre
  6294 | D:9      | Reached skill level 18 in Axes
  6629 | D:9      | Noticed a five-headed hydra
  6629 | D:9      | Noticed a centaur warrior
  6629 | D:9      | Noticed a wizard
  6629 | D:9      | Noticed a rakshasa
  6637 | D:9      | Slain by a six-headed hydra

Illustrated notes

Levels and vault maps discovered:
D:1:      lightli_iron_boxes, layout_rooms
D:2:      layout_basic, uniq_natasha, uniq_terence
D:3:      layout_loops_cross, nicolae_uskayaw_murder_on_the_dancefloor,
          mainiacjoe_overflow_alcove_1, portal_sewer_entry_a,
          basic_ecumenical_altar, serial_shops, nicolae_shop_overgrown_old_shop
D:4:      cheibrodos_old_hovel, layout_loops_ring, nemelex_dance_club_becter,
          nicolae_dithmenos_the_darkroom, minmay_temple_entry_grid,
          uniq_crazy_yiuf_cottage, uniq_grinder, uniq_eustachio
D:5:      layout_loops_ring, gammafunk_temple_overflow_arena,
          lemuel_doored_altar, gammafunk_ghost_grave, minmay_quadrilaterals
D:6:      layout_cave_pools
D:7:      layout_cave_pools, nicolae_ossuary_entry_monument, uniq_pikel
D:8:      layout_loops_ring
D:9:      layout_cave_pools, nicolae_rejected_hall

Skill      XL: |  1  2  3  4  5  6  7  8  9 10 |
---------------+-------------------------------+-----
Axes           | 4 5 6 7 8 10 11 14 17 18 | 18.5
Fighting       | |  3.6
Armour         | |  2.4
Dodging        | |  2.1

Action                     |  1- 3 |  4- 6 |  7- 9 | 10-12 || total
---------------------------+-------+-------+-------+-------++-------
  Melee: Hand axe          |    46 |   119 |   218 |       ||   383
         Headbutt          |     8 |    18 |    33 |     5 ||    64
         Battleaxe         |       |       |    38 |    45 ||    83
  Throw: Throwing net      |       |     1 |       |       ||     1
 Invoke: Berserk           |     1 |     2 |     4 |       ||     7
    Use: Scroll            |     1 |     3 |    13 |       ||    17
         Potion            |     1 |     1 |       |       ||     2
 Armour: Chain mail        |    22 |    93 |   172 |    68 ||   355
         Animal skin       |     1 |       |       |       ||     1
  Dodge: Dodged            |    20 |    59 |    86 |    46 ||   211

Table legend: (Time is in decaauts)
 A = Elapsed time spent in this place.
 B = Non-inter-level travel time spent in this place.
 C = Inter-level travel time spent in this place.
 D = Time resting spent in this place.
 E = Time spent auto-exploring this place.
 F = Levels seen in this place.
 G = Mean time per level.
                   A        B        C        D        E       F      G
               +--------+--------+--------+--------+--------+-----+--------+
         Total |   6595 |   6410 |    185 |      0 |   3646 |   9 |  732.8 |
       Dungeon |   6595 |   6410 |    185 |      0 |   3646 |   9 |  732.8 |
               +--------+--------+--------+--------+--------+-----+--------+

Top non-repeatable levels by time:
     D:4: 1140 daAuts
     D:8: 861 daAuts
     D:3: 849 daAuts
     D:2: 840 daAuts
     D:5: 827 daAuts
     D:6: 709 daAuts
     D:7: 485 daAuts
     D:1: 454 daAuts
     D:9: 427 daAuts
